[Event "Team 45 45 League T36"]
[Site "Internet Chess Club"]
[Date "2008.01.28"]
[Round "1"]
[White "Checkmates"]
[Black "kingcapture"]
[Result "1-0"]
[WhiteElo "2427"]
[BlackElo "2223"]
[Opening "King's Indian: Kramer system"]
[ECO "E70"]
[Time "11:30:58"]
[TimeControl "2700+45"]

1. d4 Nf6 2. c4 g6 3. Nc3 Bg7 4. e4 d6 5. Nge2 O-O 6. Ng3 c6 7. Be2 e5 8. d5
cxd5 9. cxd5 Ne8 10. O-O f5 11. exf5 gxf5 12. f4 Qb6+ 13. Kh1 e4 14. Nh5 Bh8 15.
g4 Ng7 16. gxf5 Nxh5 17. Bxh5 Bxf5 18. Rg1+ Bg7 19. Rg3 Nd7 20. Be3 Qd8 21. Bg4
Bg6 22. f5 Rxf5 23. Bxf5 Bxf5 24. Bh6 Bg6 25. Bxg7 Kxg7 26. Nxe4 Ne5 27. Qd4 Kh8
28. Nxd6 Qxd6 29. Re1 Re8 30. Rge3 Qf6 31. Rxe5 Rf8 32. Qc3 Bf7 33. Rf5 Qg7 34.
Rxf7 {Black resigns} 1-0

[Event "Team 45 45 League T36"]
[Site "Internet Chess Club"]
[Date "2008.01.27"]
[Round "1"]
[White "LeSacAttack"]
[Black "HocusPocus"]
[Result "1/2-1/2"]
[WhiteElo "2213"]
[BlackElo "2062"]
[Opening "Petrov three knights game"]
[ECO "C42"]
[Time "08:02:59"]
[TimeControl "2700+45"]

1. e4 e5 2. Nf3 Nf6 3. Nc3 d6 4. d4 Bg4 5. dxe5 Bxf3 6. Qxf3 dxe5 7. Bc4 c6 8.
g4 Qd4 9. Bb3 Bb4 10. Bd2 O-O 11. Rg1 Bxc3 12. Bxc3 Qxe4+ 13. Qxe4 Nxe4 14. Bxe5
Re8 15. O-O-O Nc5 16. Bc4 b5 17. Bd4 Nba6 18. Bf1 Ne6 19. Bg2 Nb4 20. c3 Nd5 21.
Bxd5 cxd5 22. Be3 Rad8 23. Bxa7 Nf4 24. Kc2 Re2+ 25. Rd2 Rxd2+ 26. Kxd2 Ra8 27.
Be3 Ne6 28. a3 f6 29. Kc2 Kf7 30. Rd1 Rd8 31. h3 Ke7 32. Kb3 Kd6 33. Rd2 Re8 34.
Kb4 Kc6 35. Rd3 Nc7 36. h4 Na6+ 37. Kb3 Nc7 38. Kb4 Na6+ 39. Kb3 Nc7 40. Rd4 Ne6
41. Rb4 Nc5+ 42. Kc2 Ra8 43. Bxc5 Kxc5 44. Kd3 Ra6 45. Rf4 h6 46. h5 Ra7 47. Rd4
Ra8 48. f3 Ra7 49. Ke3 Ra8 50. Kf4 Ra4 51. Rxa4 bxa4 52. Kf5 Kc4 53. Kg6 Kb3 54.
Kxg7 Kxb2 55. Kxh6 Kxa3 56. Kg6 Kb3 57. h6 a3 58. h7 a2 59. h8=Q a1=Q 60. Qxf6
Qxc3 61. Qf7 Qc4 62. g5 d4 63. Qxc4+ Kxc4 64. Kf5 d3 65. g6 d2 66. g7 d1=Q 67.
g8=Q+ Kc5 68. Qe8 Qxf3+ {Game drawn by mutual agreement} 1/2-1/2

[Event "Team 45 45 League T36"]
[Site "Internet Chess Club"]
[Date "2008.01.27"]
[Round "1"]
[White "Ser-Enigma"]
[Black "izit"]
[Result "0-1"]
[WhiteElo "2038"]
[BlackElo "2209"]
[Opening "King's Indian: 4.e4"]
[ECO "E70"]
[Time "14:14:10"]
[TimeControl "2700+45"]

1. d4 Nf6 2. c4 g6 3. Nc3 Bg7 4. e4 O-O 5. Bd3 d6 6. Nge2 e5 7. d5 Nh5 8. O-O a5
9. Rb1 f5 10. exf5 gxf5 11. f4 e4 12. Bc2 Qe8 13. Nb5 Na6 14. a3 Kh8 15. b4 Rg8
16. Rb3 Qg6 17. Ng3 Nf6 18. Nh1 Bd7 19. Nd4 Rae8 20. bxa5 Nc5 21. Rg3 Qh6 22.
Nb3 e3 23. Bxe3 Nxb3 24. Bxb3 Ng4 25. Rxg4 fxg4 26. Bd4 Re4 27. Bxg7+ Rxg7 28.
Qd2 Rf7 29. Ng3 Rexf4 30. Qc3+ Qf6 31. Rxf4 Qxc3 32. Rxf7 Qe3+ 33. Kf1 Qxb3 34.
Nh5 Qxc4+ 35. Kf2 g3+ 36. hxg3 Qd4+ 37. Ke1 Qe3+ {White resigns} 0-1

[Event "Team 45 45 League T36"]
[Site "Internet Chess Club"]
[Date "2008.01.27"]
[Round "1"]
[White "therealwizard"]
[Black "SuperPeon"]
[Result "1-0"]
[WhiteElo "2161"]
[BlackElo "2046"]
[Opening "King's Indian: Gligoric-Taimanov system"]
[ECO "E92"]
[Time "22:04:53"]
[TimeControl "2700+45"]

1. d4 Nf6 2. Nf3 g6 3. c4 Bg7 4. Nc3 d6 5. e4 O-O 6. Be2 e5 7. Be3 Nc6 8. O-O
Bg4 9. d5 Ne7 10. b4 Nh5 11. c5 Nf4 12. Bxf4 exf4 13. Rc1 a6 14. Qd2 Be5 15.
Nxe5 Bxe2 16. Nxf7 Rxf7 17. Nxe2 f3 18. gxf3 Qd7 19. Rc3 Raf8 20. f4 Kh8 21.
cxd6 cxd6 22. Rfc1 h5 23. f3 Qh3 24. Nd4 g5 25. Ne6 Rg8 26. Qd4+ Kh7 27. Nxg5+
Kh6 28. Kh1 {Black resigns} 1-0

[Event "Team 45 45 League T36"]
[Site "Internet Chess Club"]
[Date "2008.01.27"]
[Round "1"]
[White "Goji"]
[Black "Guinness"]
[Result "0-1"]
[WhiteElo "2201"]
[BlackElo "2264"]
[Opening "KP: Nimzovich defense"]
[ECO "B00"]
[Time "20:02:10"]
[TimeControl "2700+45"]

1. e4 Nc6 2. d4 d5 3. e5 f6 4. f4 Nh6 5. c3 Bg4 6. Qb3 Na5 7. Qa4+ c6 8. Be3 b5
9. Qc2 Qd7 10. h3 Bf5 11. Qc1 Nc4 12. Bf2 e6 13. b3 Nb6 14. Nd2 Nf7 15. Ngf3 Be7
16. c4 O-O 17. c5 Nc8 18. a4 b4 19. Ba6 Rb8 20. Nf1 Be4 21. Qe3 fxe5 22. fxe5
Bxf3 23. gxf3 Bg5 24. f4 Bh6 25. Bh4 Nh8 26. Bg5 Bxg5 27. fxg5 Ne7 28. Ng3 Nhg6
29. h4 Nf5 30. Nxf5 Rxf5 31. Bd3 Nf4 32. O-O Nxd3 33. Rxf5 exf5 34. Qxd3 f4 35.
Kf2 Qg4 36. Rh1 f3 37. Rh2 Rf8 38. Qe3 Rf4 {White resigns} 0-1

[Event "Team 45 45 League T36"]
[Site "Internet Chess Club"]
[Date "2008.02.03"]
[Round "1"]
[White "onslaught"]
[Black "PandorasBox"]
[Result "0-1"]
[WhiteElo "2156"]
[BlackElo "1981"]
[Opening "Scandinavian defense"]
[ECO "B01"]
[Time "16:01:32"]
[TimeControl "2700+45"]

1. e4 d5 2. exd5 Nf6 3. Bb5+ Bd7 4. Bc4 b5 5. Be2 Nxd5 6. Nc3 Nf4 7. Bf3 Bc6 8.
g3 Nd5 9. Nge2 Nxc3 10. Nxc3 b4 11. Ne4 e5 12. d3 f5 13. Nd2 Qf6 14. O-O Bc5 15.
Nc4 O-O 16. Be3 Bb6 17. Bd2 a5 18. a3 e4 19. Nxb6 cxb6 20. dxe4 fxe4 21. Bg2
bxa3 22. Bc3 Qg6 23. Rxa3 Nd7 24. Qe2 Rae8 25. Qe3 Re6 26. b4 a4 27. Re1 b5 28.
Raa1 Nf6 29. Qc5 Ng4 30. Bd4 h5 31. Re2 h4 32. Rae1 hxg3 33. fxg3 Rf5 34. Qa7
Qh6 35. h3 Ne5 36. Rxe4 Bxe4 37. Rxe4 Nc6 38. Qxg7+ Qxg7 39. Bxg7 Rxe4 40. Bxe4
Kxg7 41. Bxf5 Nd4 42. Be4 a3 43. Bd5 Nxc2 {White resigns} 0-1

[Event "Team 45 45 League T36"]
[Site "Internet Chess Club"]
[Date "2008.01.27"]
[Round "1"]
[White "fledermaus"]
[Black "McKnights"]
[Result "1-0"]
[WhiteElo "1943"]
[BlackElo "1757"]
[Opening "QGD: Marshall defense"]
[ECO "D06"]
[Time "17:04:32"]
[TimeControl "2700+45"]

1. d4 d5 2. c4 Nf6 3. cxd5 Nxd5 4. Nf3 Bf5 5. Nbd2 Bg4 6. Ne5 Nf6 7. Qb3 Qxd4 8.
Qxf7+ Kd8 9. Nxg4 Nxg4 10. h3 Ne5 11. Qb3 Kc8 12. e3 Qd6 13. Be2 Nbd7 14. f4 Nc6
15. O-O Nc5 16. Qc3 e5 17. b4 Ne6 18. Bg4 Nxb4 19. Ne4 Qd5 20. Ng5 Qd3 21. Bxe6+
Kb8 22. Qxd3 Nxd3 23. Rd1 Be7 24. Rxd3 {Black resigns} 1-0

[Event "Team 45 45 League T36"]
[Site "Internet Chess Club"]
[Date "2008.01.24"]
[Round "1"]
[White "f5"]
[Black "ranaamasonika"]
[Result "1-0"]
[WhiteElo "2343"]
[BlackElo "2198"]
[Opening "Caro-Kann: Steinitz variation"]
[ECO "B17"]
[Time "15:00:41"]
[TimeControl "2700+45"]

1. e4 c6 2. d4 d5 3. Nc3 dxe4 4. Nxe4 Nd7 5. Bc4 Ngf6 6. Ng5 e6 7. Qe2 Nb6 8.
Bb3 h6 9. N5f3 Be7 10. Bf4 O-O 11. Be5 a5 12. a3 a4 13. Ba2 Nbd5 14. c4 Qa5+ 15.
Nd2 Nb6 16. Nf3 Nbd7 17. O-O Nxe5 18. dxe5 Nd7 19. Rad1 Rd8 20. Bb1 Nf8 21. Ne4
b5 22. Rxd8 Bxd8 23. Nd4 Qb6 24. c5 Qc7 25. f4 Ba6 26. Qg4 b4 27. Rc1 bxa3 28.
bxa3 Rb8 29. Nd6 Qd7 30. Be4 Bb5 31. Qf3 f5 32. Bxc6 Bxc6 33. Qxc6 Qa7 34. Qe8
Ba5 35. Nc6 Rxe8 36. Nxa7 Ra8 37. Nab5 Nd7 38. c6 Nb6 39. c7 Nc8 40. Rc4 Bb6+
41. Kf1 Kf8 42. Nxc8 Rxc8 43. Rxa4 Ke7 44. Ra6 Be3 45. g3 g5 46. Ra4 gxf4 47.
gxf4 Kd7 48. Ke2 Bg1 49. h3 Bb6 50. Ra6 Bc5 51. a4 {Black resigns} 1-0

[Event "Team 45 45 League T36"]
[Site "Internet Chess Club"]
[Date "2008.01.26"]
[Round "1"]
[White "Gokhtra"]
[Black "Zkid"]
[Result "1-0"]
[WhiteElo "2247"]
[BlackElo "2270"]
[Opening "Sicilian: closed, 2...Nc6"]
[ECO "B23"]
[Time "01:07:24"]
[TimeControl "2700+45"]

1. e4 c5 2. Nc3 Nc6 3. Nf3 g6 4. Bc4 Bg7 5. O-O e6 6. d3 Nge7 7. a3 a6 8. Bb3 d5
9. h3 O-O 10. Bf4 Qa5 11. Bd2 Qc7 12. Re1 Rd8 13. Bg5 c4 14. Bxe7 Nxe7 15. Ba2
Bxc3 16. bxc3 dxe4 17. Rxe4 cxd3 18. cxd3 Qxc3 19. d4 b5 20. Re3 Qa5 21. Qe2 Nf5
22. Rd3 Ra7 23. Ne5 Qb6 24. Rad1 Re7 25. Ng4 Qd6 26. Nf6+ Kg7 27. g4 Nh4 28. Ne4
Qf4 29. Nc5 Rxd4 30. Rxd4 Nf3+ 31. Kf1 Nxd4 32. Qd3 e5 33. Qe3 Qxe3 34. fxe3 Nc2
35. Ke2 Nxa3 36. Kf3 Bb7+ 37. Kg3 a5 38. Rc1 b4 39. Bb3 Ba8 40. Ba4 Bd5 41. Kf2
Kh6 42. h4 Nc4 43. e4 Rc7 44. Na6 b3 45. Bxb3 Nd6 46. g5+ Kh5 47. Bd1+ Kxh4 48.
Nxc7 Bxe4 49. Rc5 Kxg5 50. Rxe5+ f5 51. Rxa5 Nc4 52. Ne6+ Kf6 53. Ra6 Bb7 54.
Ra7 Bc8 55. Nf8 h6 56. Rc7 Nd6 57. Rc6 Ke5 58. Nxg6+ Ke6 59. Bb3+ Kd7 60. Ne5+
Ke7 61. Kg3 Bb7 62. Rc7+ Kf6 63. Nf7 Ne4+ 64. Kf4 Ba8 65. Nxh6 Nd6 66. Ng8+ Kg6
67. Ne7+ Kf6 68. Rd7 Ne8 69. Nxf5 Bd5 70. Bxd5 Ng7 71. Nxg7 Kg6 72. Be4+ Kf6 73.
Nh5+ {Black resigns} 1-0

[Event "Team 45 45 League T36"]
[Site "Internet Chess Club"]
[Date "2008.01.27"]
[Round "1"]
[White "palito"]
[Black "tini3blas"]
[Result "0-1"]
[WhiteElo "2124"]
[BlackElo "2196"]
[Opening "English opening"]
[ECO "A20"]
[Time "08:04:15"]
[TimeControl "2700+45"]

1. c4 e5 2. g3 Nf6 3. Bg2 Bc5 4. Nc3 O-O 5. a3 c6 6. b4 Bd4 7. Nf3 d6 8. Nxd4
exd4 9. Na4 d3 10. e3 Be6 11. Nb2 Nbd7 12. Qb3 a5 13. Qxd3 Ne5 14. Qc3 axb4 15.
Qxb4 Bxc4 16. d4 Nd3+ 17. Nxd3 Bxd3 18. Qxb7 Ne4 19. Bxe4 Bxe4 20. O-O Bf3 21.
h3 Ra5 22. Qb2 Qc8 23. Kh2 Qxh3+ 24. Kxh3 Rh5# {White checkmated} 0-1

[Event "Team 45 45 League T36"]
[Site "Internet Chess Club"]
[Date "2008.01.26"]
[Round "1"]
[White "tutegri"]
[Black "kolibandi"]
[Result "0-1"]
[WhiteElo "2105"]
[BlackElo "2067"]
[Opening "Sicilian: dragon, Yugoslav attack, Rauser variation"]
[ECO "B76"]
[Time "06:05:00"]
[TimeControl "2700+45"]

1. e4 c5 2. Nf3 d6 3. d4 cxd4 4. Nxd4 Nf6 5. Nc3 g6 6. Be3 Bg7 7. f3 O-O 8. Qd2
Nc6 9. O-O-O Nxd4 10. Bxd4 Be6 11. Kb1 Qc7 12. Nd5 Bxd5 13. exd5 Rac8 14. Rc1 a6
15. g4 e6 16. c4 exd5 17. g5 Nh5 18. Bxg7 Nxg7 19. Qxd5 Qb6 20. Bh3 Rc5 21. Qd2
Qc6 22. Bg4 Ne6 23. h4 Rxc4 24. h5 gxh5 25. Bxh5 Rxc1+ 26. Rxc1 Qb5 27. f4 Qf5+
28. Qc2 Qxc2+ 29. Rxc2 Nxf4 30. Bf3 Rb8 31. Rc7 d5 32. Rd7 b5 33. Bxd5 Nxd5 34.
Rxd5 Rb6 35. Kc2 Kg7 36. Kd3 Re6 37. b3 h6 38. gxh6+ Kxh6 39. a4 bxa4 40. bxa4
Kg6 41. a5 f5 42. Rd8 Kg5 43. Kd4 Kf4 44. Rh8 Kg4 45. Kd5 Rg6 46. Rf8 f4 47. Ke4
Re6+ 48. Kd5 Re7 49. Rg8+ Kf5 50. Rf8+ Kg5 51. Rg8+ Kh4 52. Rg6 Rf7 53. Rxa6 f3
54. Rh6+ Kg3 55. Rg6+ Kf4 56. Rg1 Rf5+ 57. Kd4 Rxa5 58. Kd3 Rd5+ 59. Kc3 f2 60.
Rf1 Kf3 61. Kc4 Rd8 62. Ra1 Kg2 63. Ra2 Kg1 {White resigns} 0-1

[Event "Team 45 45 League T36"]
[Site "Internet Chess Club"]
[Date "2008.01.24"]
[Round "1"]
[White "reb"]
[Black "pestka"]
[Result "1-0"]
[WhiteElo "2223"]
[BlackElo "2243"]
[Opening "Grünfeld: Russian, Szabo (Boleslavsky) variation"]
[ECO "D97"]
[Time "15:02:57"]
[TimeControl "2700+45"]

1. d4 Nf6 2. c4 g6 3. Nc3 d5 4. Nf3 Bg7 5. Qb3 dxc4 6. Qxc4 O-O 7. e4 c6 8. Be2
b5 9. Qb3 a5 10. Qc2 e5 11. dxe5 Ng4 12. O-O Nxe5 13. Nxe5 Bxe5 14. Be3 Na6 15.
Rad1 Qh4 16. f4 Bg7 17. a3 Bg4 18. Bxg4 Qxg4 19. e5 Rfc8 20. Ne4 Qf5 21. Rc1 c5
22. Nd6 Qxc2 23. Rxc2 Rcb8 24. Bxc5 Nxc5 25. Rxc5 Bf8 26. Rc7 Bxd6 27. exd6 Rd8
28. d7 Kf8 29. Re1 f6 30. Re3 Kf7 31. Rh3 Kg7 32. Rb3 Rab8 33. a4 b4 34. Rd3 Kf7
35. Ra7 Ke7 36. Re3+ Kf7 37. Rd3 Ke7 38. f5 gxf5 39. Rh3 Rh8 40. Re3+ Kd6 41.
Rd3+ Kc6 42. Rxa5 Rhd8 43. Rxf5 Rxd7 44. Rxf6+ Kc7 45. Rxd7+ Kxd7 46. Rf7+ Kc6
47. Rxh7 Rd8 48. Rf7 Rd1+ 49. Rf1 Rd2 50. b3 {Black resigns} 1-0

[Event "Team 45 45 League T36"]
[Site "Internet Chess Club"]
[Date "2008.01.24"]
[Round "1"]
[White "Chessrascal"]
[Black "bbentrup"]
[Result "0-1"]
[WhiteElo "2125"]
[BlackElo "2162"]
[Opening "Robatsch (modern) defense"]
[ECO "B06"]
[Time "14:58:49"]
[TimeControl "2700+45"]

1. e4 g6 2. d4 d6 3. f4 d5 4. e5 h5 5. Nf3 Bg4 6. h3 Bxf3 7. Qxf3 e6 8. Be3 Nh6
9. Bd3 Nf5 10. Bf2 c5 11. dxc5 Qa5+ 12. c3 Bxc5 13. Bxf5 gxf5 14. Nd2 Nc6 15.
Nb3 Bxf2+ 16. Qxf2 Qb6 17. Qxb6 axb6 18. Kf2 b5 19. a3 Kd7 20. Rac1 Kc7 21. Nd4
Kb6 22. Nc2 Rhg8 23. Rhd1 Ra4 24. Nb4 Kc5 25. Rd3 Raa8 26. Nc2 Ra4 27. Nd4 Nxd4
28. cxd4+ Kb6 29. Rc5 Rc4 30. Rxc4 dxc4 31. Rd2 Kc6 32. Kf3 Kd5 33. g3 Ra8 34.
Ke3 b4 35. axb4 Ra4 36. b5 Rb4 37. Kf2 Rxb5 38. g4 Rb3 39. gxf5 exf5 40. Kg2 h4
41. Rd1 Rxb2+ 42. Kg1 c3 43. Rc1 Kxd4 44. Kf1 Kd3 {White resigns} 0-1

[Event "Team 45 45 League T36"]
[Site "Internet Chess Club"]
[Date "2008.01.26"]
[Round "1"]
[White "Fidius"]
[Black "frontier"]
[Result "0-1"]
[WhiteElo "2060"]
[BlackElo "2098"]
[Opening "French defense"]
[ECO "C11"]
[Time "15:00:49"]
[TimeControl "2700+45"]

1. e4 e6 2. d4 d5 3. Nc3 Nf6 4. exd5 exd5 5. Nf3 c6 6. Bf4 Bd6 7. Qd2 O-O 8.
O-O-O Bf5 9. Ne5 b5 10. Bd3 Bxd3 11. Qxd3 b4 12. Ne2 Ne4 13. Qf3 Qf6 14. Ng3
Bxe5 15. dxe5 Qe6 16. Nxe4 dxe4 17. Qb3 Qf5 18. Bg3 Nd7 19. Qxb4 Nxe5 20. Qd4
Rfe8 21. Rhe1 Ng4 22. Qd7 Qg5+ 23. Kb1 Nf6 24. Qxc6 Rac8 25. Qb7 Qf5 26. Re2 e3
27. fxe3 Ne4 28. Qd5 Qg4 29. Ree1 h5 30. Rf1 Re7 31. Qf5 Nxg3 32. hxg3 Qc4 33.
Qd3 Qc5 34. Rfe1 Rb7 35. Re2 Qe5 36. b3 Rbc7 37. c4 Qxg3 38. e4 Qg4 39. Qf3 Qg6
40. Qf5 Qb6 41. Rb2 Rc5 42. Qd7 Qg6 43. Re2 R5c7 44. Qd4 a5 45. Kb2 a4 46. Rc2
Qa6 47. c5 axb3 48. axb3 Ra7 49. Kb1 Qa3 50. Qb2 Qb4 51. Rc4 Qb5 52. Rdc1 Rca8
53. R1c3 Qd7 54. c6 Qd1+ 55. Rc1 Qd3+ 56. R4c2 Ra3 57. c7 Rxb3 58. Qxb3 Qxb3+
59. Rb2 Qd3+ 60. Rcc2 Qd1+ 61. Rc1 Ra1+ 62. Kxa1 Qxc1+ {White resigns} 0-1

[Event "Team 45 45 League T36"]
[Site "Internet Chess Club"]
[Date "2008.01.26"]
[Round "1"]
[White "Thor5581"]
[Black "GambitBandit"]
[Result "1/2-1/2"]
[WhiteElo "2034"]
[BlackElo "2104"]
[Opening "QGD: Chigorin defense, Janowski variation"]
[ECO "D07"]
[Time "11:03:37"]
[TimeControl "2700+45"]

1. d4 d5 2. c4 Nc6 3. Nc3 dxc4 4. Nf3 Nf6 5. e4 Bg4 6. Be3 e6 7. Bxc4 Bb4 8. d5
Bxc3+ 9. bxc3 Bxf3 10. gxf3 exd5 11. exd5 Ne7 12. Qa4+ Qd7 13. Qxd7+ Kxd7 14.
Rd1 Nf5 15. Ke2 Rad8 16. Rhg1 Kc8 17. Rg5 g6 18. Bxa7 b6 19. Ba6+ Kd7 20. Bb7
{Game drawn by mutual agreement} 1/2-1/2

[Event "Team 45 45 League T36"]
[Site "Internet Chess Club"]
[Date "2008.01.26"]
[Round "1"]
[White "parrot9"]
[Black "Creb"]
[Result "0-1"]
[WhiteElo "1656"]
[BlackElo "1750"]
[Opening "French: Tarrasch"]
[ECO "C03"]
[Time "10:25:47"]
[TimeControl "2700+45"]

1. e4 e6 2. d4 d5 3. Nd2 Be7 4. Ngf3 Nf6 5. Bd3 c5 6. e5 Nfd7 7. c3 Nc6 8. Bc2
Qb6 9. Nb3 c4 10. Nbd2 O-O 11. O-O f6 12. exf6 Nxf6 13. Re1 Qc7 14. h3 Bd6 15.
Qe2 Re8 16. Ne5 Bxe5 17. dxe5 Nd7 18. Qh5 g6 19. Bxg6 Re7 20. Nf3 Nf8 21. Bc2
Bd7 22. Bh6 Be8 23. Qg5+ Ng6 24. h4 Nd8 25. h5 Nf7 26. Qf6 Nxh6 27. hxg6 hxg6
28. Bxg6 Ng4 29. Qg5 Rg7 30. Nh4 Bxg6 31. Nxg6 Nxf2 32. Ne7+ Qxe7 33. Qxe7 Rxe7
34. Kxf2 Rf8+ 35. Ke3 Rg7 36. Rg1 Rg3+ 37. Kd4 b6 38. Raf1 Rd3# {White
checkmated} 0-1

[Event "Team 45 45 League T36"]
[Site "Internet Chess Club"]
[Date "2008.01.27"]
[Round "1"]
[White "scar99"]
[Black "Mikey29a"]
[Result "0-1"]
[WhiteElo "1494"]
[BlackElo "1637"]
[Opening "Sicilian: Grand Prix attack"]
[ECO "B23"]
[Time "13:29:20"]
[TimeControl "2700+45"]

1. e4 c5 2. Nc3 Nc6 3. f4 g6 4. Nf3 Bg7 5. Bb5 Nd4 6. O-O Nxb5 7. Nxb5 d5 8.
exd5 a6 9. Nc3 Nf6 10. d4 Nxd5 11. dxc5 Nxc3 12. Qxd8+ Kxd8 13. bxc3 Bxc3 14.
Rb1 Kc7 15. Rb3 Bg7 16. Rb6 Bf5 17. Bd2 Be4 18. Ba5 Kc8 19. Re1 Bxf3 20. gxf3
Bd4+ 21. Kg2 Bxc5 22. Rb3 Bd6 23. Reb1 b5 24. Rc3+ Kd7 25. Rd1 Rac8 26. Rd2 Rxc3
27. Bxc3 Rc8 28. Be5 Ke8 29. Bxd6 exd6 30. Kg3 Kd7 31. Kg4 h6 32. Re2 Re8 33.
Rxe8 Kxe8 34. h4 f5+ 35. Kg3 Kf7 36. Kf2 Ke6 37. Kg3 h5 38. Kf2 Kd5 39. Ke1 Kd4
40. Kd2 b4 41. Kc1 Ke3 42. Kb2 Kxf3 43. c3 bxc3+ 44. Kxc3 Kxf4 45. Kb4 d5 46.
Ka5 d4 47. Kxa6 d3 48. Kb6 d2 {White resigns} 0-1

[Event "Team 45 45 League T36"]
[Site "Internet Chess Club"]
[Date "2008.01.27"]
[Round "1"]
[White "Invicta-Knight"]
[Black "fredd"]
[Result "0-1"]
[WhiteElo "1517"]
[BlackElo "1563"]
[Opening "Center game: Berger variation"]
[ECO "C22"]
[Time "12:17:48"]
[TimeControl "2700+45"]

1. e4 e5 2. d4 exd4 3. Qxd4 Nc6 4. Qe3 Nf6 5. Nc3 Bb4 6. Bd2 O-O 7. O-O-O Re8 8.
f4 Bxc3 9. Bxc3 Nxe4 10. Re1 d5 11. Nf3 Bf5 12. Qg1 Nxc3 13. bxc3 Qd6 14. Kb2
Qxf4 15. Bd3 Bxd3 16. cxd3 Qa4 17. Qc5 Rxe1 18. Rxe1 Qa5 19. Qe3 Qb6+ 20. Kc2
Qxe3 21. Rxe3 g6 22. d4 Kf8 23. Ng5 h6 24. Nh3 Re8 25. Rxe8+ Kxe8 26. Nf4 Ne7
27. Kd3 Kd7 28. h4 g5 29. hxg5 hxg5 30. Nh3 g4 31. Nf4 Kd6 32. Nh5 c5 33. dxc5+
Kxc5 34. Nf6 g3 35. Nd7+ Kd6 36. Nf6 b5 37. a3 a5 38. Kd4 Nf5+ 39. Kd3 Ke6 40.
Nh5 Ke5 41. Ke2 d4 42. cxd4+ Kxd4 43. Kd2 Kc4 44. Kc2 Ne3+ 45. Kb2 Nxg2 46. Nxg3
Ne3 47. Ne4 f5 48. Nd6+ Kc5 49. Nb7+ Kb6 50. Nd6 Nc4+ 51. Nxc4+ bxc4 52. Kc3 Kb5
{White resigns} 0-1

[Event "Team 45 45 League T36"]
[Site "Internet Chess Club"]
[Date "2008.01.26"]
[Round "1"]
[White "MathWorker"]
[Black "OldBoy"]
[Result "1-0"]
[WhiteElo "1534"]
[BlackElo "1509"]
[Opening "Vienna gambit"]
[ECO "C25"]
[Time "10:59:55"]
[TimeControl "2700+45"]

1. e4 e5 2. Nc3 Nc6 3. f4 d6 4. Nf3 Be7 5. Bb5 Bd7 6. d3 Nf6 7. Bxc6 Bxc6 8.
fxe5 dxe5 9. Nxe5 Qd6 10. Nxc6 Qxc6 11. O-O O-O-O 12. Be3 Bc5 13. Qe2 h5 14. h3
Qb6 15. Bxc5 Qxc5+ 16. Qf2 Qxf2+ 17. Rxf2 Rd7 18. Raf1 Rf8 19. Rf5 Re7 20. Ne2
c6 21. Ng3 h4 22. Nh5 Nxh5 23. Rxh5 g6 24. Rxh4 f5 25. Rhf4 Ref7 26. g4 Rh7 27.
Kg2 Rfh8 28. R1f3 fxe4 29. Rxe4 Kc7 30. Re6 Rh6 31. g5 Rh5 32. Rxg6 Re8 33. Rg7+
Kb6 34. Kf2 Re5 35. g6 Reg5 36. Rh7 Rxh7 37. gxh7 Rh5 38. Rf7 Rxh3 39. Kg2 Rh6
40. Kg3 Kc5 41. Rxb7 {Black resigns} 1-0

[Event "Team 45 45 League T36"]
[Site "Internet Chess Club"]
[Date "2008.01.26"]
[Round "1"]
[White "wango"]
[Black "Duguesclin"]
[Result "0-1"]
[WhiteElo "1509"]
[BlackElo "1568"]
[Opening "French: Tarrasch, open variation"]
[ECO "C07"]
[Time "13:15:07"]
[TimeControl "2700+45"]

1. e4 e6 2. d4 d5 3. Nd2 c5 4. c3 Nc6 5. dxc5 Bxc5 6. exd5 exd5 7. Nb3 Bb6 8.
Nf3 Nge7 9. Bd3 Bf5 10. O-O O-O 11. Re1 Qd6 12. Bg5 Bg4 13. Bxe7 Nxe7 14. Bxh7+
Kh8 15. Bc2 Rae8 16. Qd3 Bf5 17. Qd2 Bxc2 18. Qxc2 Qf4 19. Nbd4 g6 20. Ne2 Qh6
21. Ng3 Nc6 22. Qd3 Rd8 23. Rad1 Qf4 24. Ne2 Qd6 25. Ned4 Kg7 26. Nh4 Nxd4 27.
cxd4 Rh8 28. Nf3 f6 29. a3 Rde8 30. g3 Qc6 31. Nh4 f5 32. Nf3 Re4 33. Ne5 Qa4
34. Rxe4 fxe4 35. Qe3 Qxd1+ {White resigns} 0-1

[Event "Team 45 45 League T36"]
[Site "Internet Chess Club"]
[Date "2008.01.23"]
[Round "1"]
[White "Klondike"]
[Black "MrCdawg"]
[Result "0-1"]
[WhiteElo "1445"]
[BlackElo "1388"]
[Opening "Sicilian: Canal-Sokolsky attack, Sokolsky variation"]
[ECO "B52"]
[Time "01:06:10"]
[TimeControl "2700+45"]

1. e4 c5 2. Nf3 d6 3. Bb5+ Bd7 4. Bxd7+ Qxd7 5. c4 Nf6 6. Nc3 g6 7. O-O Bg7 8.
d4 cxd4 9. Nxd4 a6 10. Bg5 O-O 11. Re1 Nc6 12. Nf3 Rad8 13. Qd2 Ne5 14. Nxe5
dxe5 15. Qe2 h6 16. Rad1 Qe6 17. Bxf6 Bxf6 18. Nd5 Qc6 19. b3 Kg7 20. Rd3 e6 21.
Nxf6 Kxf6 22. Red1 Rxd3 23. Rxd3 Kg7 24. h3 f5 25. f3 fxe4 26. Qxe4 Qxe4 27.
fxe4 Rf4 28. Re3 g5 29. g3 Rf7 30. Rd3 Kg6 31. Kg2 h5 32. b4 h4 33. g4 Rf4 34.
Re3 Kf6 35. Rf3 b6 36. a4 Ke7 37. Rxf4 exf4 38. e5 Kd7 39. Kf3 Kc6 40. b5+ axb5
41. axb5+ Kc5 42. Ke4 Kxc4 {White resigns} 0-1

[Event "Team 45 45 League T36"]
[Site "Internet Chess Club"]
[Date "2008.01.24"]
[Round "1"]
[White "seldredg"]
[Black "Aquaman"]
[Result "0-1"]
[WhiteElo "1325"]
[BlackElo "1413"]
[Opening "English opening"]
[ECO "A20"]
[Time "21:02:14"]
[TimeControl "2700+45"]

1. c4 e5 2. g3 Nf6 3. Bg2 c6 4. d4 e4 5. d5 cxd5 6. cxd5 Bb4+ 7. Nc3 O-O 8. Bd2
Re8 9. a3 Bxc3 10. bxc3 Nxd5 11. Nh3 Nf6 12. O-O d5 13. Nf4 Bf5 14. Qb3 b6 15.
e3 Na6 16. Rfd1 Nc7 17. h3 Rc8 18. g4 Be6 19. f3 Qd7 20. Be1 exf3 21. Bxf3 Qe7
22. Rd3 Rcd8 23. Qc2 Qc5 24. Bh4 Qe7 25. Qf2 h6 26. Kg2 g5 27. Nxe6 Qxe6 28. Bg3
Nb5 29. a4 Nd6 30. Rc1 Nde4 31. Qe1 Nxg3 32. Kxg3 Rd7 33. Qf2 Ne4+ 34. Bxe4 dxe4
35. Rd4 Red8 36. Rcd1 Kg7 37. Qf1 Qe5+ 38. Kg2 Rd5 39. Qc4 Rxd4 40. Rxd4 Rxd4
41. Qxd4 Kf6 42. c4 Ke6 43. Qxe5+ Kxe5 44. Kf2 Kd6 45. Kg3 Kc5 46. h4 Kxc4 47.
h5 Kb4 48. Kf2 Kxa4 49. Ke2 b5 50. Kd1 Kb3 51. Kc1 b4 52. Kb1 a5 {White resigns}
0-1

[Event "Team 45 45 League T36"]
[Site "Internet Chess Club"]
[Date "2008.01.27"]
[Round "1"]
[White "fuzzface"]
[Black "PeteyDaddy"]
[Result "0-1"]
[WhiteElo "1253"]
[BlackElo "1136"]
[Opening "Queen's pawn game"]
[ECO "A45"]
[Time "18:50:09"]
[TimeControl "2700+45"]

1. d4 Nf6 2. g3 g6 3. Bg2 Bg7 4. Bg5 O-O 5. c3 d6 6. Qd2 c5 7. Bxf6 Bxf6 8. e3
e5 9. Ne2 cxd4 10. cxd4 Nc6 11. O-O exd4 12. exd4 d5 13. Nbc3 Be6 14. a3 a5 15.
Rad1 Bg5 16. f4 Bf6 17. Qc2 Rb8 18. Qb3 b5 19. Nxd5 Bxd5 20. Bxd5 Qb6 21. Bxc6
Qxc6 22. Qc3 Qxc3 23. Nxc3 b4 24. Nd5 Kg7 25. Nxf6 Kxf6 26. a4 b3 27. Rd3 Rb4
28. Rfd1 Rd8 29. d5 Rd6 30. Rd4 Rb8 31. R1d3 h5 32. Rc3 Ke7 33. Rc5 Rb4 34. Rxb4
axb4 35. a5 Ra6 36. Rb5 Kd7 37. Rxb4 Rxa5 38. Rb7+ Kd6 39. Rxb3 Rxd5 40. Rb7 Ke6
41. b4 Rd1+ 42. Kg2 Rd2+ 43. Kh3 f6 44. b5 g5 45. Rb6+ Kf5 46. Rxf6+ Kxf6 47.
fxg5+ Kxg5 48. b6 Rb2 49. b7 Rxb7 50. Kg2 Rb2+ 51. Kh3 Rb3 52. Kg2 Kg4 53. h3+
Kg5 54. Kf2 Kf6 55. Kg2 Ke5 56. h4 Rb4 57. Kf3 Rg4 58. Kf2 Ke4 59. Kg2 Ke3 60.
Kh3 Kf2 61. Kh2 Rxg3 62. Kh1 Rg4 63. Kh2 Rxh4# {White checkmated} 0-1